Map: Automaton LE

Players

Aiur - Winner!

  • Race: Protoss Protoss
  • League: Diamond
  • Spawn Location: 9:00

NowDeath

  • Race: Zerg Zerg
  • League: Platinum
  • Spawn Location: 3:00

VOD

Have the link to the VOD?

Description

Time

  • Played on: April 19, 2019, 7:47 a.m.
  • Length: 6:25
Show
View Real Time Build Order
Export as new Build Order

Aiur Protoss - Winner!

Build Orders:  

Get SALT Encoding   

  12  0:00  Probe  
  13  0:13  Probe  
  14  0:20  Pylon  
  14  0:25  Probe  
  15  0:30  Assimilator  
  15  0:38  Probe  
  16  0:46  Gateway  
  16  0:50  Probe  
  17  1:02  Probe  
  18  1:10  Pylon  
  18  1:14  Probe  
  19  1:19  Assimilator  
  19  1:26  Probe  
  20  1:34  Zealot  
  20  1:35  Cybernetics Core  
  20  1:38  Probe  
  23  1:50  Probe  
  23  1:53  Pylon  
  24  1:54  Warp Gate  
  24  2:02  Probe  
  24  2:05  Zealot  
  27  2:25  Nexus  
  27  2:27  Stalker  
  29  2:41  Robotics Facility  
  29  3:12  Adept  
  31  3:15  Gateway  
  31  3:19  Gateway  
  31  3:23  Immortal  
  35  3:47  Robotics Bay  
  35  3:48  Probe  
  36  3:50  Probe  
  36  3:54  Immortal  
  41  4:11  Probe  
  41  4:14  Sentry  
  44  4:19  Pylon  
  44  4:27  Probe  
  45  4:39  Gateway, Shield Battery  
  45  4:43  Disruptor  
  48  4:51  Stalker  
  50  4:57  Stalker  
  50  5:08  Pylon  
  50  5:09  Disruptor  
  49  5:27  Stalker, Zealot x2  
  55  5:34  Zealot  
  57  5:47  Zealot  
  57  5:48  Zealot  
  57  5:54  Zealot  
  57  5:55  Zealot  
  49  6:16  Stalker, Zealot x2  
  49  6:17  Zealot  
Show
View Real Time Build Order
Export as new Build Order

NowDeath Zerg 

Build Orders: Hatch First 

Get SALT Encoding   

  12  0:01  Drone  
  13  0:13  Overlord  
  13  0:18  Drone  
  14  0:31  Drone x2  
  16  0:53  Hatchery  
  16  0:54  Drone  
  16  0:58  Drone  
  17  1:14  Spawning Pool  
  17  1:16  Drone  
  17  1:19  Drone  
  17  1:23  Drone  
  19  1:30  Drone, Extractor  
  19  1:45  Drone  
  20  1:58  Overlord  
  20  2:01  Queen  
  20  2:05  Queen  
  20  2:06  Drone x2  
  26  2:12  Drone  
  27  2:19  Drone  
  28  2:26  Drone  
  28  2:28  Drone  
  30  2:38  Lair  
  30  2:44  Queen  
  30  2:46  Drone x3  
  35  2:54  Roach Warren  
  34  2:59  Overlord  
  34  3:01  Overlord  
  34  3:33  Drone  
  35  3:34  Drone x8  
  43  3:49  Extractor  
  43  3:52  Extractor  
  41  4:00  Spore Crawler  
  41  4:01  Roach  
  41  4:02  Overlord, Roach  
  44  4:03  Overlord  
  44  4:11  Spore Crawler  
  43  4:30  Roach  
  43  4:31  Roach x7  
  59  4:33  Overlord x2  
  59  4:49  Overlord x2  
  53  5:15  Roach x7  
  53  5:16  Roach  
  53  5:19  Ravager  
  68  5:40  Roach  
  68  5:41  Roach x4  
Tags
 
Add a new tag
Caveats
  • Supply blocks, unpowered buildings, or Contaminate may cause inaccurate times.
  • Supply counts are checked every 10 seconds.